 Dungeon Crawl Stone Soup version 0.17.2 (webtiles) character file.

84 Goblin1989 the Poker (level 4, -5/33 HPs)
             Began as a Demonspawn Gladiator on June 21, 2016.
             Slain by Sigmund
             ... wielding a +0 scythe
              (6 damage)
             ... on level 2 of the Dungeon.
             The game lasted 00:03:29 (1543 turns).

Goblin1989 the Poker (Demonspawn Gladiator)         Turns: 1543, Time: 00:03:29

Health: -5/33      AC:  7    Str: 16    XL:     4   Next: 23%
Magic:  4/4        EV: 11    Int:  9    God:
Gold:   99         SH:  0    Dex: 14    Spells: 0 memorised, 3 levels left

rFire  . . .     SeeInvis .     a - +0 trident
rCold  . . .     Clarity  .     f - +0 ring mail
rNeg   . . .     SustAt   .     (no shield)
rPois  .         Gourm    .     c - +0 helmet
rElec  .         Spirit   .     (no cloak)
rCorr  .         Warding  .     (no gloves)
rMut   .         Stasis   .     (no boots)
MR     .....                    (no amulet)
Stlth  +.........               (no ring)
                                (no ring)

@: flying, not resistant to hostile enchantments, very unstealthy
A: talons 1, molten scales 1
a: no special abilities


You were on level 2 of the Dungeon.
You were very hungry.

You visited 1 branch of the dungeon, and saw 2 of its levels.

You collected 99 gold pieces.

Inventory:

Hand Weapons
 a - a +0 trident (weapon)
Missiles
 d - 3 throwing nets (quivered) {=f, !d}
Armour
 c - a +0 helmet (worn)
 f - a +0 ring mail (worn)
Jewellery
 n - an uncursed ring of invisibility {unknown}
Scrolls
 g - a scroll of random uselessness {unknown}
 i - a scroll of blinking {unknown}
 k - a scroll of remove curse {unknown}
 l - a scroll of teleportation {unknown}
 m - a scroll of magic mapping {unknown}
Potions
 h - a potion of curing {unknown}
Comestibles
 b - 2 meat rations
 e - a bread ration


   Skills:
 - Level 2.0 Fighting
 + Level 4.6 Polearms
 - Level 1.7 Throwing
 - Level 2.6 Dodging


You had 3 spell levels left.
You didn't know any spells.

Dungeon Overview and Level Annotations

Branches:
Dungeon (2/15)

Altars:

Annotations:
D:2 Sigmund


Innate Abilities, Weirdness & Mutations

You have sharp toenails.
You are partially covered in molten scales (AC +1).


Message History

You barely miss something. You claw something. Something hits you!
You take 9 damage, and have 13/33 hp.
MASSIVE DAMAGE!!
You hit something. You claw something. You barely miss something.
Something hits you but does no damage.
You miss something. Your kick misses something. Something hits you.
You take 3 damage, and have 10/33 hp.
You hit something but do no damage. You barely miss something.
You claw something.
You hear some strange, mumbled words.
Something tries to affect you, but you resist.
You hear some strange, mumbled words.
A puff of flame appears from out of thin air!
The puff of flame hits you!
* * * LOW HITPOINT WARNING * * *
You take 10 damage, and have 1/33 hp.
MASSIVE DAMAGE!!
Drink which item? (? for menu, Esc to quit)
It was a potion of flight.
You feel very buoyant.
You fly up into the air.
Something hits you.
You die...

##...(...# .#
.......... ..#
#.......# ....
#.......##.....
#.......[......
#.......#
######'## #{#
######@#
#......#
###.######
#...# #.### #.#
#.# #.# #.#


There were no monsters in sight!

Vanquished Creatures
  Jessica (D:2)
  2 adders (D:2)
  An ooze (D:1)
  2 worms (D:2)
  A giant gecko (D:1)
  2 bats (D:1)
  3 giant cockroaches (D:1)
  4 hobgoblins
  A kobold (D:1)
  5 giant newts
  4 goblins
  7 rats
33 creatures vanquished.

Notes
Turn   | Place    | Note
--------------------------------------------------------------
     0 | D:1      | Goblin1989 the Demonspawn Gladiator began the quest for the Orb.
     0 | D:1      | Reached XP level 1. HP: 16/16 MP: 1/1
     3 | D:1      | Noticed a draconian
     3 | D:1      | Noticed a minotaur
     7 | D:1      | Noticed a troll
     9 | D:1      | Noticed a spriggan
     9 | D:1      | Noticed a merfolk
    11 | D:1      | Noticed an ogre
    13 | D:1      | Noticed a formicid
    13 | D:1      | Noticed a vampire
    15 | D:1      | Noticed a centaur
    15 | D:1      | Noticed an elf
    17 | D:1      | Noticed a dwarf
    17 | D:1      | Noticed a gargoyle
    19 | D:1      | Noticed a demonspawn
    19 | D:1      | Noticed a naga
    21 | D:1      | Noticed an octopode
    21 | D:1      | Noticed a tengu
    23 | D:1      | Noticed a felid
    23 | D:1      | Noticed a human
    25 | D:1      | Noticed a demigod
    25 | D:1      | Noticed a vine stalker
    27 | D:1      | Noticed a ghoul
   212 | D:1      | Reached skill level 3 in Polearms
   354 | D:1      | Gained mutation: You are partially covered in molten scales (AC +1). [demonic ancestry]
   354 | D:1      | Reached XP level 2. HP: 22/22 MP: 2/2
   867 | D:2      | Noticed Sigmund
   941 | D:2      | Noticed Jessica
   948 | D:2      | Killed Jessica
   948 | D:2      | Reached skill level 4 in Polearms
   948 | D:2      | Gained mutation: You have sharp toenails. [demonic ancestry]
   948 | D:2      | Reached XP level 3. HP: 17/27 MP: 3/3
   952 | D:2      | Found a faded altar to an unknown god.
  1245 | D:2      | Reached XP level 4. HP: 17/33 MP: 4/4
  1542 | D:2      | HP: 1/33 [something/puff of flame (10)]
  1543 | D:2      | Slain by Sigmund

Action                   |  1- 3 |  4- 6 || total
-------------------------+-------+-------++-------
Melee: Trident           |   120 |    26 ||   146
Throw: Throwing net      |       |     1 ||     1
  Use: Potion            |       |     1 ||     1
 Stab: Held in net/web   |       |     1 ||     1
  Eat: Chunk             |       |     1 ||     1
